General information
- name: BNet
- type: Ladder team game (AT/RT)
- host: Battle.net
- saver: dogsandhorse.ru
map: HinterlandRaid
- players: 6
- length: 32:59
- speed: Fast
- version: 1.29 W3XP
- replay type:

» download(407 KB)
Players
team 1 (loser)
abmitdirpic (
orange | 83 APM | 2702 actions | 32:37)
3 Blademaster
2 Wind Walk
1 Critical Strike
1 Shadow Hunter
1 Hex
1 Tauren Chieftain
1 Endurance Aura
» actions
| Assign group hotkey | 100 | |
| Basic commands | 119 | |
| Build / train | 83 | |
| ESC pressed | 4 | |
| Enter build submenu | 29 | |
| Enter hero's abilities submenu | 5 | |
| Right click | 1456 | |
| Select / deselect | 562 | |
| Select group hotkey | 264 | |
| Use ability | 80 | |
2702 total
» units
| Peon | 16 | |
| Grunt | 3 | |
| Wind Rider | 8 | |
| Troll Batrider | 11 | |
| Kodo Beast | 1 | |
| Tauren | 3 | |
| Spirit Walker | 2 | |
| Demolisher | 2 | |
| Shaman | 1 | |
| Raider | 1 | |
| Troll Witch Doctor | 1 | |
49 total
» upgrades
| Liquid Fire | 1 | |
| Envenomed Spears | 1 | |
| Reinforced Defenses | 1 | |
| Armor | 2 | |
| Ranged Weapons | 2 | |
| Spirit Walker Training | 2 | |
| War Drums Damage Increase | 1 | |
| Shaman Training | 2 | |
| Witch Doctor Training | 2 | |
| Ensnare | 1 | |
15 total
» buildings
| Altar of Storms | 1 | |
| Orc Burrow | 8 | |
| Barracks | 1 | |
| Voodoo Lounge | 1 | |
| War Mill | 2 | |
| Stronghold | 2 | |
| Watch Tower | 9 | |
| Beastiary | 3 | |
| Fortress | 1 | |
| Spirit Lodge | 2 | |
| Tauren Totem | 2 | |
32 total
» build order
00:09 Altar of Storms
00:21 Orc Burrow
00:37 Barracks
01:46 Orc Burrow
01:59 Voodoo Lounge
03:07 War Mill
03:32 Stronghold
03:33 Stronghold
04:31 Orc Burrow
04:33 Watch Tower
05:11 Watch Tower
05:57 Beastiary
06:40 Beastiary
06:43 Orc Burrow
08:27 Fortress
10:55 Beastiary
11:08 Orc Burrow
12:25 War Mill
13:48 Orc Burrow
15:00 Watch Tower
15:08 Spirit Lodge
16:22 Tauren Totem
16:55 Tauren Totem
19:01 Spirit Lodge
19:57 Orc Burrow
23:56 Watch Tower
23:56 Watch Tower
23:57 Watch Tower
24:00 Watch Tower
24:00 Watch Tower
24:01 Watch Tower
24:07 Orc Burrow
» items
| Healing Salve | 3 | |
| Lesser Clarity Potion | 1 | |
| Tiny Great Hall | 1 | |
5 total
SpermFeather (
teal | 89 APM | 2926 actions | 32:58)
3 Dreadlord
2 Sleep
1 Vampiric Aura
1 Lich
1 Frost Nova
1 Death Knight
1 Death Coil
» actions
| Assign group hotkey | 54 | |
| Basic commands | 70 | |
| Build / train | 69 | |
| Enter build submenu | 17 | |
| Enter hero's abilities submenu | 5 | |
| Give item / drop item | 2 | |
| Remove unit from queue | 1 | |
| Right click | 1437 | |
| Select / deselect | 308 | |
| Select group hotkey | 781 | |
| Use ability | 182 | |
2926 total
» units
| Acolyte | 5 | |
| Ghoul | 14 | |
| Furbolg Shaman | 7 | |
| Thunder Lizard | 3 | |
| Crypt Fiend | 1 | |
| Frost Wyrm | 3 | |
| Meatwagon | 3 | |
36 total
» upgrades
| Cannibalize | 1 | |
| Unholy Strength | 1 | |
| Creature Attack | 1 | |
| Web | 1 | |
| Burrow | 1 | |
| Ghoul Frenzy | 1 | |
| Destroyer Form | 1 | |
| Freezing Breath | 1 | |
| Creature Carapace | 1 | |
9 total
» buildings
| Ziggurat | 7 | |
| Crypt | 1 | |
| Altar of Darkness | 1 | |
| Tomb of Relics | 1 | |
| Halls of the Dead | 1 | |
| Graveyard | 1 | |
| Black Citadel | 2 | |
| Sacrificial Pit | 1 | |
| Slaughterhouse | 1 | |
| Boneyard | 1 | |
17 total
» build order
00:36 Ziggurat
00:39 Crypt
00:41 Altar of Darkness
01:01 Ziggurat
01:14 Tomb of Relics
04:33 Halls of the Dead
05:53 Ziggurat
05:55 Graveyard
07:04 Black Citadel
07:04 Black Citadel
07:52 Sacrificial Pit
08:53 Slaughterhouse
09:48 Ziggurat
12:06 Boneyard
14:03 Ziggurat
15:51 Ziggurat
15:52 Ziggurat
» items
| Rod of Necromancy | 3 | |
| Dust of Appearance | 1 | |
| Scroll of Regeneration | 1 | |
| Lesser Clarity Potion | 1 | |
| Orb of Corruption | 3 | |
| Scroll of Healing | 1 | |
10 total
UrMoMpLaYsWc3 (
red | 88 APM | 2845 actions | 32:14)
3 Archmage
2 Blizzard
1 Brilliance Aura
1 Blood Mage
1 Flame Strike
» actions
| Assign group hotkey | 53 | |
| Basic commands | 15 | |
| Build / train | 91 | |
| Enter build submenu | 33 | |
| Enter hero's abilities submenu | 4 | |
| Right click | 1595 | |
| Select / deselect | 386 | |
| Select group hotkey | 547 | |
| Use ability | 121 | |
2845 total
» units
| Peasant | 24 | |
| Rifleman | 7 | |
| Mortar Team | 5 | |
| Siege Engine | 5 | |
| Dragonhawk Rider | 5 | |
46 total
» upgrades
| Long Rifles | 1 | |
| Lumber Harvesting | 2 | |
| Gunpowder | 3 | |
| Flare | 1 | |
| Fragmentation Shards | 1 | |
| Barrage | 1 | |
| Armor | 1 | |
| Masonry | 1 | |
| Plating | 3 | |
| Cloud | 1 | |
15 total
» buildings
| Farm | 13 | |
| Altar of Kings | 1 | |
| Barracks | 1 | |
| Scout Tower | 5 | |
| Blacksmith | 1 | |
| Arcane Tower | 4 | |
| Arcane Vault | 1 | |
| Keep | 2 | |
| Lumber Mill | 1 | |
| Town Hall | 1 | |
| Workshop | 2 | |
| Castle | 2 | |
| Guard Tower | 2 | |
| Gryphon Aviary | 2 | |
38 total
» build order
00:06 Farm
00:09 Altar of Kings
00:34 Barracks
00:38 Farm
01:33 Scout Tower
02:07 Blacksmith
02:22 Farm
02:44 Farm
02:45 Arcane Tower
03:08 Arcane Vault
04:16 Keep
04:16 Keep
05:01 Lumber Mill
06:53 Town Hall
06:56 Scout Tower
06:58 Scout Tower
07:32 Farm
07:38 Arcane Tower
07:38 Arcane Tower
08:12 Arcane Tower
09:31 Workshop
09:45 Farm
10:10 Workshop
10:43 Farm
10:52 Castle
10:52 Castle
11:31 Farm
11:35 Farm
12:20 Scout Tower
12:25 Scout Tower
14:12 Farm
14:55 Farm
15:48 Farm
15:49 Guard Tower
15:49 Guard Tower
17:40 Farm
22:54 Gryphon Aviary
22:56 Gryphon Aviary
» items
| Scroll of Regeneration | 2 | |
| Lesser Clarity Potion | 4 | |
| Healing Salve | 2 | |
8 total
team 2 (winner)
dogsandhorse.ru (
blue | 170 APM | 5608 actions | 32:59)
4 Blademaster
2 Wind Walk
2 Critical Strike
3 Tauren Chieftain
2 Shockwave
1 Endurance Aura
» actions
| Assign group hotkey | 22 | |
| Basic commands | 18 | |
| Build / train | 81 | |
| Enter build submenu | 64 | |
| Enter hero's abilities submenu | 8 | |
| Give item / drop item | 3 | |
| Remove unit from queue | 4 | |
| Right click | 4259 | |
| Select / deselect | 534 | |
| Select group hotkey | 333 | |
| Use ability | 282 | |
5608 total
» units
| Peon | 14 | |
| Troll Batrider | 25 | |
| Wind Rider | 2 | |
41 total
» upgrades
| Armor | 2 | |
| Liquid Fire | 1 | |
| Troll Regeneration | 1 | |
4 total
» buildings
| Altar of Storms | 1 | |
| Orc Burrow | 4 | |
| War Mill | 1 | |
| Watch Tower | 44 | |
| Voodoo Lounge | 2 | |
| Stronghold | 2 | |
| Beastiary | 3 | |
| Fortress | 3 | |
| Barracks | 1 | |
61 total
» build order
00:06 Altar of Storms
00:18 Orc Burrow
00:34 War Mill
01:47 Watch Tower
01:54 Watch Tower
02:30 Watch Tower
02:33 Watch Tower
02:47 Voodoo Lounge
03:12 Watch Tower
03:13 Watch Tower
03:34 Stronghold
03:34 Stronghold
03:37 Watch Tower
04:13 Watch Tower
04:44 Watch Tower
04:54 Watch Tower
04:55 Watch Tower
04:55 Watch Tower
05:00 Orc Burrow
05:20 Watch Tower
06:00 Watch Tower
06:07 Watch Tower
06:17 Watch Tower
06:46 Watch Tower
06:47 Watch Tower
07:22 Voodoo Lounge
07:43 Beastiary
08:12 Watch Tower
08:41 Watch Tower
09:22 Watch Tower
09:29 Fortress
09:29 Fortress
09:29 Fortress
09:38 Watch Tower
09:57 Beastiary
09:58 Beastiary
10:17 Watch Tower
10:46 Orc Burrow
11:00 Watch Tower
11:03 Watch Tower
11:33 Orc Burrow
12:16 Watch Tower
14:56 Watch Tower
14:56 Watch Tower
14:57 Watch Tower
14:58 Watch Tower
14:59 Watch Tower
14:59 Watch Tower
16:14 Watch Tower
16:14 Watch Tower
16:27 Barracks
19:21 Watch Tower
19:22 Watch Tower
20:44 Watch Tower
20:44 Watch Tower
20:45 Watch Tower
21:11 Watch Tower
21:12 Watch Tower
21:13 Watch Tower
22:23 Watch Tower
22:24 Watch Tower
» items
| Healing Salve | 4 | |
| Lesser Clarity Potion | 4 | |
| Boots of Speed | 2 | |
| Staff of Teleportation | 2 | |
| Orb of Lightning | 2 | |
| Staff of Sanctuary | 2 | |
16 total
timg4strok (
yellow | 167 APM | 5510 actions | 32:58)
4 Archmage
2 Blizzard
2 Brilliance Aura
4 Blood Mage
2 Flame Strike
2 Siphon Mana
2 Paladin
1 Holy Light
1 Divine Shield
» actions
| Assign group hotkey | 12 | |
| Basic commands | 104 | |
| Build / train | 127 | |
| ESC pressed | 6 | |
| Enter build submenu | 105 | |
| Enter hero's abilities submenu | 10 | |
| Give item / drop item | 8 | |
| Right click | 2330 | |
| Select / deselect | 386 | |
| Select group hotkey | 2040 | |
| Use ability | 380 | |
5510 total
» units
» upgrades
| Lumber Harvesting | 1 | |
| Masonry | 3 | |
| Magic Sentry | 1 | |
| Priest Training | 2 | |
7 total
» buildings
| Altar of Kings | 1 | |
| Farm | 3 | |
| Lumber Mill | 1 | |
| Scout Tower | 119 | |
| Arcane Tower | 11 | |
| Guard Tower | 53 | |
| Keep | 1 | |
| Arcane Sanctum | 1 | |
| Castle | 1 | |
| Arcane Vault | 3 | |
194 total
» build order
00:56 Altar of Kings
00:58 Farm
01:03 Lumber Mill
01:27 Scout Tower
01:37 Scout Tower
01:48 Scout Tower
01:58 Farm
01:59 Arcane Tower
02:01 Scout Tower
02:05 Scout Tower
02:07 Arcane Tower
02:07 Arcane Tower
02:21 Arcane Tower
02:29 Guard Tower
02:38 Guard Tower
02:53 Scout Tower
03:00 Scout Tower
03:01 Scout Tower
03:04 Scout Tower
03:05 Scout Tower
03:09 Scout Tower
03:10 Scout Tower
03:20 Guard Tower
03:22 Scout Tower
03:25 Scout Tower
03:27 Guard Tower
03:32 Scout Tower
03:38 Guard Tower
03:52 Guard Tower
03:53 Scout Tower
03:54 Guard Tower
04:01 Guard Tower
04:21 Scout Tower
04:32 Guard Tower
04:35 Scout Tower
04:36 Scout Tower
04:37 Guard Tower
04:38 Keep
04:51 Guard Tower
04:54 Scout Tower
05:04 Guard Tower
05:28 Scout Tower
05:29 Scout Tower
05:29 Scout Tower
05:32 Scout Tower
05:35 Scout Tower
05:37 Guard Tower
05:40 Scout Tower
05:40 Scout Tower
05:42 Scout Tower
05:57 Arcane Tower
05:59 Guard Tower
06:14 Guard Tower
06:23 Scout Tower
06:26 Guard Tower
07:15 Arcane Sanctum
07:19 Farm
07:34 Guard Tower
07:43 Scout Tower
07:45 Scout Tower
08:04 Scout Tower
08:08 Scout Tower
08:24 Guard Tower
08:25 Scout Tower
08:33 Guard Tower
08:33 Guard Tower
08:42 Castle
08:47 Arcane Vault
08:51 Guard Tower
08:51 Guard Tower
09:04 Arcane Tower
09:14 Arcane Tower
09:16 Scout Tower
09:34 Scout Tower
09:34 Scout Tower
09:35 Scout Tower
09:43 Scout Tower
10:17 Arcane Vault
10:18 Arcane Vault
10:20 Arcane Tower
10:25 Guard Tower
10:27 Scout Tower
10:27 Scout Tower
10:29 Scout Tower
10:29 Scout Tower
11:16 Guard Tower
11:20 Guard Tower
11:38 Scout Tower
12:12 Guard Tower
12:15 Scout Tower
12:15 Scout Tower
12:16 Scout Tower
12:16 Scout Tower
12:19 Scout Tower
12:20 Scout Tower
13:04 Guard Tower
13:19 Guard Tower
13:58 Scout Tower
13:59 Scout Tower
14:00 Scout Tower
14:01 Scout Tower
14:04 Scout Tower
14:05 Scout Tower
14:06 Scout Tower
14:07 Scout Tower
14:07 Scout Tower
14:08 Scout Tower
14:08 Scout Tower
14:10 Guard Tower
14:11 Guard Tower
14:21 Scout Tower
14:21 Scout Tower
14:22 Scout Tower
14:53 Scout Tower
14:54 Scout Tower
15:13 Guard Tower
15:28 Guard Tower
15:45 Guard Tower
15:46 Scout Tower
15:47 Scout Tower
15:47 Scout Tower
15:51 Guard Tower
15:56 Guard Tower
16:01 Scout Tower
16:01 Scout Tower
16:02 Scout Tower
16:03 Scout Tower
17:03 Guard Tower
17:04 Scout Tower
17:04 Scout Tower
17:05 Scout Tower
17:06 Scout Tower
17:29 Guard Tower
17:30 Scout Tower
17:31 Scout Tower
17:31 Scout Tower
17:36 Scout Tower
17:37 Scout Tower
17:37 Scout Tower
17:39 Scout Tower
17:40 Guard Tower
17:41 Guard Tower
18:21 Guard Tower
18:28 Scout Tower
18:32 Scout Tower
19:09 Guard Tower
19:11 Scout Tower
19:11 Scout Tower
19:12 Scout Tower
19:13 Scout Tower
19:15 Scout Tower
19:15 Scout Tower
19:23 Guard Tower
19:25 Scout Tower
19:25 Scout Tower
19:27 Scout Tower
20:11 Scout Tower
20:12 Scout Tower
20:41 Scout Tower
20:42 Scout Tower
20:43 Scout Tower
20:44 Scout Tower
20:44 Scout Tower
20:45 Scout Tower
20:46 Scout Tower
20:47 Scout Tower
20:50 Arcane Tower
20:55 Scout Tower
20:56 Scout Tower
21:18 Guard Tower
21:21 Scout Tower
21:21 Scout Tower
21:22 Scout Tower
21:23 Arcane Tower
21:26 Scout Tower
21:59 Guard Tower
22:43 Guard Tower
22:51 Guard Tower
23:06 Guard Tower
23:08 Guard Tower
23:13 Guard Tower
23:21 Guard Tower
23:46 Guard Tower
24:32 Scout Tower
24:33 Scout Tower
24:34 Scout Tower
24:35 Scout Tower
25:40 Scout Tower
25:44 Scout Tower
25:46 Scout Tower
25:59 Guard Tower
27:33 Guard Tower
27:37 Scout Tower
» items
| Staff of Teleportation | 3 | |
| Boots of Speed | 4 | |
| Healing Salve | 2 | |
| Potion of Healing | 1 | |
| Orb of Lightning | 3 | |
| Staff of Sanctuary | 4 | |
| Periapt of Vitality | 2 | |
19 total
Youngs.Hane (
purple | 124 APM | 4088 actions | 32:58)
3 Warden
2 Shadow Strike
1 Blink
3 Pandaren Brewmaster
2 Breath of Fire
1 Drunken Haze
» actions
| Assign group hotkey | 115 | |
| Basic commands | 47 | |
| Build / train | 89 | |
| ESC pressed | 10 | |
| Enter build submenu | 28 | |
| Enter hero's abilities submenu | 6 | |
| Right click | 2502 | |
| Select / deselect | 648 | |
| Select group hotkey | 380 | |
| Use ability | 262 | |
4088 total
» units
| Wisp | 38 | |
| Druid of the Talon | 5 | |
43 total
» upgrades
| Strength of the Wild | 4 | |
| Well Spring | 2 | |
| Reinforced Hides | 4 | |
| Druid of the Talon Training | 2 | |
| Mark of the Talon | 1 | |
13 total
» buildings
| Altar of Elders | 1 | |
| Moon Well | 14 | |
| Tree of Ages | 2 | |
| Ancient of Wonders | 1 | |
| Tree of Life | 5 | |
| Tree of Eternity | 2 | |
| Hunter's Hall | 1 | |
| Ancient of Wind | 2 | |
28 total
» build order
00:03 Altar of Elders
00:05 Moon Well
01:38 Moon Well
04:08 Tree of Ages
04:08 Tree of Ages
05:07 Moon Well
05:49 Moon Well
05:56 Moon Well
05:59 Moon Well
06:57 Ancient of Wonders
08:11 Tree of Life
10:03 Tree of Life
10:09 Tree of Life
11:52 Tree of Eternity
11:52 Tree of Eternity
12:18 Tree of Life
13:25 Hunter's Hall
13:27 Ancient of Wind
13:59 Tree of Life
22:11 Moon Well
22:12 Moon Well
22:58 Ancient of Wind
23:15 Moon Well
23:16 Moon Well
23:33 Moon Well
23:34 Moon Well
26:43 Moon Well
26:44 Moon Well
» items
| Lesser Clarity Potion | 6 | |
| Healing Salve | 3 | |
| Staff of Preservation | 2 | |
| Orb of Venom | 1 | |
| Orb of Lightning | 1 | |
13 total
Chat log
(00:22 / All) SpermFeather: bl dhf
(00:30 / All) Youngs.Hane: brilliant luck - do have fun
(00:56 / All) SpermFeather: i ahve no idea how to play
(01:01 / All) dogsandhorse.ru: its like DOTA
(01:04 / All) Youngs.Hane: same only not a joke
(01:50 / Allies) Youngs.Hane: i'm 70% thru wraden
(01:50 / All) SpermFeather: man why everything so slow
(01:55 / All) SpermFeather: base take 1 hour to build
(01:56 / Allies) Youngs.Hane: i can switch
(07:04 / Allies) Youngs.Hane: toxp
(07:06 / Allies) Youngs.Hane: best use?
(08:38 / Allies) Youngs.Hane: i am
(13:17 / Allies) Youngs.Hane: yes
(21:11 / Allies) Youngs.Hane: this bridge is so janky
(22:00 / Allies) Youngs.Hane: he's level 1
(23:16 / All) SpermFeather: LOL
(24:10 / All) dogsandhorse.ru: that wasnt a shade dude
(24:17 / Allies) Youngs.Hane: more wells here
(24:17 / Allies) Youngs.Hane: in the back
(24:30 / Allies) Youngs.Hane: im grabbing a few dotts too
(24:39 / Allies) Youngs.Hane: just for air stuff
(25:17 / Allies) Youngs.Hane: dhawk
(26:56 / All) abmitdirpic: u guys suck lol
(27:00 / All) dogsandhorse.ru: ok
(27:02 / All) Youngs.Hane: then why are we winning? :(
(27:02 / All) timg4strok: whyd you lose then
(27:14 / All) abmitdirpic: u r abusing this shit map lol ^^
(27:19 / All) dogsandhorse.ru: tthumps up
(28:30 / Allies) Youngs.Hane: 2k left in mine
(32:13 / All) dogsandhorse.ru: gg
(32:16 / All) Youngs.Hane: bnice plays
(32:17 / All) timg4strok: seeya
(32:18 / All) dogsandhorse.ru: bad playhs
(32:19 / All) Youngs.Hane: i was talking 2 myself
(32:36 / All) abmitdirpic: nice abuse lol
(32:41 / All) dogsandhorse.ru: bad plays lol
(32:42 / All) Youngs.Hane: thank u
(32:43 / All) Youngs.Hane: so kind